 Dungeon Crawl Stone Soup version 0.28.0-53-g5a82cb258f (webtiles) character file.

Game seed: 2376808331686838344

45 MisterFreud the Ducker (level 3, -12/25 HPs)
             Began as a Felid Berserker on Aug 4, 2022.
             Was a Believer of Trog.
             Mangled by Crazy Yiuf
             ... wielding a +4 quarterstaff of chaos
              (15 damage)
             ... on level 2 of the Dungeon.
             The game lasted 00:01:30 (2327 turns).

MisterFreud the Ducker (Felid Berserker)            Turns: 2327, Time: 00:01:32

Health: -12/25     AC:  1    Str: 13    XL:     3   Next: 42%
Magic:  4/4        EV: 18    Int:  8    God:    Trog [**....]
Gold:   122        SH:  0    Dex: 17    Spells: 2/2 levels left
                                        Lives:  0   Deaths: 0

rFire   . . .      SeeInvis +     - Unarmed
rCold   . . .      Faith    .   (shield unavailable)
rNeg    . . .      Spirit   .   (armour unavailable)
rPois   .          Reflect  .   (helmet unavailable)
rElec   .          Harm     .   (cloak unavailable)
rCorr   .          Rampage  .   (gloves unavailable)
Will    .....                   (boots unavailable)
Stlth   ..........              (no amulet)
HPRegen 0.08/turn               (no ring)
MPRegen 0.09/turn               (no ring)

@: berserking, very quick
A: very small, claws 1, fangs 3, see invisible, speed 1, shaggy fur 1, stealthy
paws, no weapons or thrown items, no armour, multi-lived
a: Renounce Religion, Berserk, Trog's Hand


You were on level 2 of the Dungeon.
You worshipped Trog.
Trog was pleased with you.
You visited 1 branch of the dungeon, and saw 2 of its levels.

You collected 122 gold pieces.

Inventory:

Scrolls
 b - a scroll of enchant weapon {unknown}
 c - a scroll of holy word {unknown}
 e - a scroll of blinking {unknown}
Potions
 a - 2 potions of heal wounds {unknown}
 d - 2 potions of attraction {unknown}
 f - a potion of lignification {unknown}


   Skills:
 - Level 3.0 Fighting
 - Level 4.0 Dodging
 + Level 3.2 Stealth
 + Level 3.8 Unarmed Combat


You had 2 spell levels left.
You didn't know any spells.
Your spell library was empty.

Dungeon Overview and Level Annotations

Branches:
Dungeon (2/15)

Altars:

Annotations:
D:2 Crazy Yiuf, Robin


Innate Abilities, Weirdness & Mutations

You have sharp claws.
You have razor-sharp teeth.
You have supernaturally acute eyesight. (SInv)
You cover ground quickly. (Speed+)
You are covered in fur. (AC +1)
Your paws help you pounce on unaware monsters.
You are incapable of wielding weapons or throwing items.
You cannot wear armour.
You gain extra lives every three experience levels.


Message History

Could not explore, unopened runed door.
Could not explore, unopened runed door.
You open the door.
Robin roars a battlecry!
The goblins go into a battle-frenzy!
A red film seems to cover your vision as you go berserk!
You feel yourself moving faster!
You feel mighty!
You can no longer call upon Trog for regeneration and willpower.
The goblin closely misses you.
You closely miss the goblin. You barely miss the goblin.
The goblin barely misses you.
You claw the goblin!
You kill the goblin!
Trog accepts your kill.
Crazy Yiuf whimpers, "Iron!
Hah pontify sing."
The goblin barely misses you. x2
Robin says, "A pitiful Cat like you will never find the ORB!"
The goblin closely misses you.
There is an open translucent door here.
You see here a +0 dagger.
You claw the goblin!
You kill the goblin!
Trog accepts your kill.
You can now call upon Trog for regeneration and willpower.
Crazy Yiuf hits you with a +4 quarterstaff of chaos!!
Ouch! That really hurt!
* * * LOW HITPOINT WARNING * * *
Crazy Yiuf burns you.
* * * LOW HITPOINT WARNING * * *
The hobgoblin closely misses you. The goblin barely misses you.
The hobgoblin misses you. The goblin barely misses you.
You see here a +0 club.
You claw the goblin!
You kill the goblin!
Trog accepts your kill. The goblin misses you. The hobgoblin hits you.
* * * LOW HITPOINT WARNING * * *
Crazy Yiuf hits you with a +4 quarterstaff of chaos!
Ouch! That really hurt!
You die...

#.###.##
♣..P.♣ #.#
#.# #.#
♣...♣♣
#####.###
##.# #.#
♣♣.♣♣
#........
#..# #.##
♣.♣♣
#.###.##.
#.## #..#
♣♣.♣ #.#
#.##. #.#
#### ♣.♣♣
#.###.##.
####.####
♣♣.♣
#.##..##.
#..<....#
##)##
##.##.###.
#.##.##.#
#g@g#
#.........
#.##.#..##
#g.g#
#.........
#.##..#..###
#gg)#
###.#..[###.
#.##<###...#
#####
#'..........
#>....#..###
###.#.....#.
######..##
#######
#.##.##.#.
#.## #.....#
#.........
#.# ##...##
#######.##
#.# ##'##
#.#


You could see Crazy Yiuf, Robin, 2 hobgoblins and 2 goblins.

Vanquished Creatures
  A worm (D:2)
  2 dart slugs (D:2)
  6 ball pythons
  2 endoplasms (D:2)
  A giant cockroach (D:2)
  5 goblins (D:2)
  4 hobgoblins
  2 jackals (D:1)
  4 kobolds
  2 quokkas (D:1)
  2 bats
  2 frilled lizards
  5 rats
38 creatures vanquished.

Notes
Turn   | Place    | Note
-------+----------+-------------------------------------------
     0 | D:1      | MisterFreud the Felid Berserker began the quest for the
                  | Orb.
     0 | D:1      | Reached XP level 1. HP: 10/10 MP: 2/2
     5 | D:1      | Found a faded altar of an unknown god.
   175 | D:1      | Reached skill level 1 in Stealth
   394 | D:1      | Reached XP level 2. HP: 6/14 MP: 3/3
  1137 | D:2      | Found a runed translucent door.
  1138 | D:2      | Noticed Crazy Yiuf
  1140 | D:2      | Noticed Robin
  1409 | D:2      | Reached XP level 3. HP: 17/17 MP: 4/4
  2039 | D:2      | Reached ** piety under Trog
  2327 | D:2      | Mangled by Crazy Yiuf

Illustrated notes

Levels and vault maps discovered:
D:1:      dpeg_arrival_pits, layout_basic, ebering_ecumenical_altar_rust
D:2:      layout_loops_corners, minmay_pentomino_w2, uniq_crazy_yiuf_cottage,
          uniq_robin

Skill      XL: |  1  2  3 |
---------------+----------+-----
Stealth        | 1 2 3 |  3.2
Fighting       | |  3.0
Dodging        | |  4.0
Unarmed Combat | |  3.8

Action                   || total
-------------------------++-------
Melee: Unarmed           ||    91
       Bite              ||     8
       Punch             ||     3
Invok: Berserk           ||     1
 Stab: Sleeping          ||     7
       Distracted        ||     1
Dodge: Dodged            ||    70
